[ AOE2 MATCH · #505198868 ]
UnrankedVietnamese vs Bohemians
Player's team · WIN
Rival team · LOSS
[ REPLAY ANALYSIS · EXTRACTED FROM THE RECORDED GAME ]
Feudal
8:51
Castle
—
Imperial
—
| APM avg | 69.8 |
| APM peak | 94 |
| eAPM avg | 21.3 |
| Villagers / military | 21 / 5 |
Focus
⚔️ 38.1% · 🌾 61.9%
Militia ×3 · Archer ×2
Feudal
8:51
Castle
—
Imperial
—
| APM avg | 53.4 |
| APM peak | 79 |
| eAPM avg | 17.7 |
| Villagers / military | 25 / 3 |
Focus
⚔️ 33.5% · 🌾 66.5%
Skirmisher ×3
Match map
Initial resources + every placement click. Lines = walls · curves = elevation contours. ◆ gold · ⬟ stone · ● berries · ✦ relic · ◌ wall gap
Your base
_[eC]_Gurke_'s base
Smoothed initial terrain · ◌ = detected wall gap · hover for details
Inputs per minute
— Don Vito - - _[eC]_Gurke_
Build order — Don Vito
42 actions detected in the replay
| 0:00 | Create | Villager (Male) |
| 0:00 | Create | Villager (Male) |
| 0:01 | Create | Villager (Male) |
| 0:01 | Create | Villager (Male) |
| 0:02 | Build | House |
| 0:03 | Build | House |
| 1:24 | Create | Villager (Male) |
| 1:49 | Create | Villager (Male) |
| 2:16 | Create | Villager (Male) |
| 2:48 | Create | Villager (Male) |
| 3:08 | Create | Villager (Male) |
| 3:11 | Build | Lumber Camp |
| 3:15 | Create | Villager (Male) |
| 3:48 | Create | Villager (Male) |
| 4:04 | Build | House |
| 4:24 | Create | Villager (Male) |
| 4:55 | Create | Villager (Male) |
| 5:22 | Create | Villager (Male) |
| 5:43 | Create | Villager (Male) |
| 5:46 | Build | Barracks |
| 6:10 | Research | Loom |
| 6:28 | Build | House |
| 6:39 | Research | Feudal Age |
| 7:00 | Create | Militia |
| 7:12 | Build | Mining Camp |
| 7:24 | Create | Militia |
| 7:54 | Create | Militia |
| 8:23 | Build | House |
| 8:32 | Create | Villager (Male) |
| 8:51 | Age | Feudal Age |
| 8:53 | Build | Archery Range |
| 8:53 | Research | Man-at-Arms (upgrade) |
| 8:55 | Create | Villager (Male) |
| 9:27 | Research | Double-Bit Axe |
| 9:42 | Create | Villager (Male) |
| 9:43 | Create | Villager (Male) |
| 9:49 | Create | Archer |
| 9:51 | Build | Mill |
| 9:57 | Build | Palisade Wall |
| 10:37 | Create | Villager (Male) |
| 10:52 | Create | Villager (Male) |
| 10:53 | Create | Archer |
Build order — _[eC]_Gurke_
48 actions detected in the replay
| 0:01 | Create | Villager (Male) |
| 0:02 | Build | House |
| 0:03 | Build | House |
| 0:06 | Create | Villager (Male) |
| 0:06 | Create | Villager (Male) |
| 0:06 | Create | Villager (Male) |
| 1:24 | Create | Villager (Male) |
| 1:49 | Create | Villager (Male) |
| 1:55 | Build | Lumber Camp |
| 2:20 | Create | Villager (Male) |
| 2:49 | Create | Villager (Male) |
| 3:09 | Create | Villager (Male) |
| 3:41 | Create | Villager (Male) |
| 3:52 | Create | Villager (Male) |
| 4:10 | Create | Villager (Male) |
| 4:24 | Build | House |
| 4:35 | Research | Loom |
| 4:37 | Create | Villager (Male) |
| 4:49 | Build | Mill |
| 4:50 | Create | Villager (Male) |
| 5:40 | Create | Villager (Male) |
| 5:48 | Create | Villager (Male) |
| 6:41 | Research | Feudal Age |
| 7:56 | Build | Barracks |
| 8:10 | Create | Villager (Male) |
| 8:12 | Build | House |
| 8:51 | Age | Feudal Age |
| 8:57 | Build | Archery Range |
| 9:01 | Research | Double-Bit Axe |
| 9:12 | Build | Palisade Wall |
| 9:14 | Build | Palisade Wall |
| 9:15 | Build | Palisade Wall |
| 9:18 | Create | Villager (Male) |
| 9:22 | Build | Palisade Wall |
| 9:24 | Build | Palisade Wall |
| 9:42 | Build | House |
| 9:45 | Create | Villager (Male) |
| 9:47 | Create | Villager (Male) |
| 9:47 | Create | Villager (Male) |
| 9:55 | Create | Skirmisher |
| 9:55 | Create | Skirmisher |
| 10:08 | Build | House |
| 10:09 | Build | House |
| 10:28 | Create | Villager (Male) |
| 10:37 | Create | Villager (Male) |
| 10:38 | Create | Skirmisher |
| 10:46 | Create | Villager (Male) |
| 11:07 | Create | Villager (Male) |
Match timeline
| 5:46 | Don Vito · first_building Barracks |
| 7:56 | _[eC]_Gurke_ · first_building Barracks |
| 8:51 | Don Vito · age_up feudal |
| 8:51 | _[eC]_Gurke_ · age_up feudal |
| 8:53 | Don Vito · first_building Archery Range |
| 8:57 | _[eC]_Gurke_ · first_building Archery Range |
| 9:12 | _[eC]_Gurke_ · wall_segment Palisade Wall x2 |
| 9:14 | _[eC]_Gurke_ · wall_segment Palisade Wall x1 |
| 9:15 | _[eC]_Gurke_ · wall_segment Palisade Wall x1 |
| 9:22 | _[eC]_Gurke_ · wall_segment Palisade Wall x1 |
| 9:24 | _[eC]_Gurke_ · wall_segment Palisade Wall x1 |
| 9:57 | Don Vito · wall_segment Palisade Wall x7 |
| 11:10 | _[eC]_Gurke_ · resign |
[ AI ANALYSIS · 1 CREDIT ]
What really happened in this match?
Wolo.gg analyzes every decision: build order, eco, micro, common mistakes by bracket. Personalized analysis on WhatsApp or Discord in 30 seconds.
Civ guide
Vietnamese
Perfil
Jugador #18713675